 Dungeon Crawl Stone Soup version 0.27.1-34-g3ba077fa99 (webtiles) character file.

Game seed: 3618385913361833084

254 fishdoom the Chopper (level 6, -2/53 HPs)
             Began as a Hill Orc Fighter on Jan 20, 2022.
             Slain by an iron imp (8 damage)
             ... on level 3 of the Dungeon.
             The game lasted 00:06:49 (2201 turns).

fishdoom the Chopper (Hill Orc Fighter)             Turns: 2201, Time: 00:06:50

Health: -2/53      AC:  7    Str: 21    XL:     6   Next: 15%
Magic:  6/6        EV:  7    Int:  8    God:
Gold:   161        SH:  9    Dex: 10    Spells: 5/5 levels left

rFire    + . .     SeeInvis .   a - +0 war axe
rCold    x . .     Faith    .   c - +0 kite shield
rNeg     . . .     Spirit   .   b - +0 scale mail
rPois    .         Reflect  .   (no helmet)
rElec    .         Harm     .   (no cloak)
rCorr    .         Rampage  .   (no gloves)
Will     .....                  (no boots)
Stlth    ..........             (no amulet)
HPRegen  0.17/turn              e - ring of fire
MPRegen  0.10/turn              (no ring)

@: mighty, attractive, flying
A: no striking features
a: no special abilities


You were on level 3 of the Dungeon.
You visited 1 branch of the dungeon, and saw 3 of its levels.

You collected 161 gold pieces.

Inventory:

Hand Weapons
 a - a +0 war axe (weapon)
 l - a +0 spear
Armour
 b - a +0 scale mail (worn)
 c - a +0 kite shield (worn)
Jewellery
 e - a ring of fire (left hand)
 k - a ring of protection from cold
 n - a ring of poison resistance
Scrolls
 f - a scroll of summoning {unknown}
 g - a scroll of noise {unknown}
 h - 3 scrolls of identify {unknown}
 i - a scroll of blinking {unknown}
 m - a scroll of amnesia {unknown}
 p - a scroll of teleportation {unknown}
 s - a scroll of fear {unknown}
Potions
 d - 2 potions of might
 j - a potion of curing {unknown}
 o - a potion of heal wounds {unknown}
 q - a potion of flight
 r - a potion of attraction
 t - a potion of degeneration {unknown}


   Skills:
 + Level 4.5 Fighting
 * Level 5.9 Axes
 + Level 4.3 Armour
 - Level 0.1 Dodging
 + Level 4.3 Shields


You had 5 spell levels left.
You didn't know any spells.
Your spell library contained the following spells:

 Spells                   Type           Power      Damage    Failure   Level
 Animate Skeleton         Necr           0%         N/A       99%         1
 Apportation              Tloc           0%         N/A       99%         1
 Corona                   Hex            0%         N/A       99%         1
 Summon Small Mammal      Summ           0%         N/A       99%         1
 Ozocubu's Armour         Ice            0%         N/A       100%        3
 Ozocubu's Refrigeration  Ice            0%         4d5       100%        7


Dungeon Overview and Level Annotations

Branches:
Dungeon (3/15)

Altars:


Message History

Purgy claws you but does no damage. Purgy closely misses you. Purgy bites you.
* * * LOW HITPOINT WARNING * * *
Purgy claws you but does no damage. You block Purgy's attack.
It was a potion of flight.
You feel very buoyant.
You fly up into the air.
Purgy bites you.
* * * LOW HITPOINT WARNING * * *
You block Purgy's attack. Purgy claws you but does no damage.
Unknown command.
It was a potion of attraction.
You feel attractive to monsters. Purgy bites you but does no damage.
Purgy claws you but does no damage. x2
The iron imp is pulled toward you!
Unknown command.
You closely miss Purgy.
Purgy is heavily wounded.
You block Purgy's attack. Purgy claws you but does no damage.
Purgy closely misses you.
An iron imp comes into view.
The iron imp is pulled toward you! x2
You slash Purgy!
You kill Purgy!
You closely miss the iron imp. The iron imp barely misses you.
The iron imp is pulled toward you!
You have reached level 6!
Your experience leads to an increase in your attributes!
Increase (S)trength, (I)ntelligence, or (D)exterity?
You feel stronger.
You closely miss the iron imp. The iron imp barely misses you.
The iron imp is pulled toward you! x2
You block the iron imp's attack. The iron imp is pulled toward you!
The iron imp is pulled toward you! The iron imp is pulled toward you! x2
The iron imp is pulled toward you! x2
You see here a +0 dagger.
The iron imp is pulled toward you! The iron imp is pulled toward you!
There is a stone staircase leading up here.
The iron imp hits you!
You die...

#..#........#.......##.#.5
#..#........#..........#.. #####
#..#........#.##.......#.. #...#
#..#........#.#........#..
##...###..#........+.#..##.#..#..
..........#........#.#..##....#..
..........##########.#..##....#
#########..........).#..##....#
###..#..@55#.#..##....#
###########.##.....#.#..##....#
........................>#....#
....#######.##.....#.#...#....###
....# #.......)..#.#........##.
....# #....##....#.....#....###
##### #....#.....#.....#....###
####### #....#...................
......# #....#...##......#..#####


You could see 2 iron imps.

Vanquished Creatures
  Purgy (D:3)
  3 gnolls (D:2)
  9 adders
  2 worms
  3 ball pythons (D:2)
  4 bats
  3 endoplasms
  2 giant cockroaches
  7 hobgoblins
  2 frilled lizards
  8 goblins
  2 kobolds
  5 rats
51 creatures vanquished.

Vanquished Creatures (others)
  43 plants (D:2)
43 creatures vanquished.

Grand Total: 94 creatures vanquished

Notes
Turn   | Place    | Note
-------+----------+-------------------------------------------
     0 | D:1      | fishdoom the Hill Orc Fighter began the quest for the Orb.
     0 | D:1      | Reached XP level 1. HP: 19/19 MP: 1/1
   151 | D:1      | Reached XP level 2. HP: 27/27 MP: 2/2
   177 | D:1      | Found a faded altar of an unknown god.
   536 | D:2      | Reached XP level 3. HP: 30/33 MP: 3/3
   571 | D:2      | Reached skill level 3 in Axes
   632 | D:2      | Reached XP level 4. HP: 31/41 MP: 4/4
   749 | D:2      | Reached skill level 4 in Axes
  1202 | D:3      | Reached XP level 5. HP: 36/47 MP: 5/5
  1464 | D:3      | Reached skill level 5 in Axes
  2160 | D:3      | Noticed Purgy
  2175 | D:3      | HP: 2/47 [Purgy (4)]
  2179 | D:3      | Killed Purgy
  2180 | D:3      | Reached XP level 6. HP: 2/53 MP: 6/6
  2201 | D:3      | Slain by an iron imp

Illustrated notes

Levels and vault maps discovered:
D:1:      doesnt_arrival_eight_statues, layout_rooms, basic_ecumenical_altar
D:2:      layout_basic, serial_bayou_lagoon_a, minmay_misc_feat_doors,
          feat_on_display
D:3:      layout_basic, demons_altar, amethyst_killhole, minivault_25,
          uniq_purgy

Skill      XL: |  1  2  3  4  5 |
---------------+----------------+-----
Fighting       | 4 |  4.5
Axes           | 3 4 5 |  5.9
Armour         | 4 |  4.3
Shields        | 4 |  4.3
Dodging        | |  0.1

Action                   |  1- 3 |  4- 6 || total
-------------------------+-------+-------++-------
Melee: War axe           |    50 |   114 ||   164
  Use: Potion            |       |     3 ||     3
Armor: Scale mail        |    20 |    84 ||   104
Dodge: Dodged            |    26 |    55 ||    81
Block: Kite shield       |    29 |    85 ||   114
